 Dungeon Crawl Stone Soup version 0.29-a0-1065-g47a6bb87d6 (webtiles) character file.

Game seed: 3835901186232808644

1258 siradein the Cutter (level 8, 0/63 HPs)
             Began as a Vampire Fighter on Aug 19, 2022.
             Slain by an adder (3 damage)
             ... on level 6 of the Dungeon.
             The game lasted 00:12:18 (5007 turns).

siradein the Cutter (Vampire Fighter)               Turns: 5007, Time: 00:12:18

Health: 0/63       AC: 13    Str: 15    XL:     8   Next: 27%
Magic:  17/17      EV:  6    Int: 16    God:
Gold:   370        SH:  5    Dex: 13    Spells: 7/7 levels left

rFire   . . .      SeeInvis +   f - +3 short sword (flame)
rCold   . . .      Faith    .   c - +0 buckler
rNeg    . . .      Spirit   .   u - +0 chain mail
rPois   .          Reflect  .   k - +1 helmet {Int+3}
rElec   .          Harm     .   (no cloak)
rCorr   .          Rampage  .   (no gloves)
Will    +....                   C - +0 pair of boots
Stlth   ..........              (no amulet)
HPRegen 0.40/turn               w - ring of magical power
MPRegen 0.15/turn               y - ring of willpower

@: healing quickly
A: alive, fangs 3, see invisible, vampiric 2
a: Exsanguinate


You were on level 6 of the Dungeon.
You visited 1 branch of the dungeon, and saw 6 of its levels.

You collected 370 gold pieces.

Inventory:

Hand Weapons
 a - a +0 rapier
 b - a +0 short sword of venom
 f - a +3 short sword of flaming (weapon)
Armour
 c - a +0 buckler (worn)
 k - a +1 helmet of intelligence (worn)
 u - a +0 chain mail (worn)
 C - a +0 pair of boots (worn)
Jewellery
 w - a ring of magical power (left hand)
 y - a ring of willpower (right hand)
Wands
 v - a wand of flame (13)
Scrolls
 e - 5 scrolls of immolation {unknown}
 g - 2 scrolls of fear {unknown}
 h - 3 scrolls of amnesia
 i - a scroll of brand weapon {unknown}
 j - 2 scrolls of magic mapping {unknown}
 m - a scroll of vulnerability {unknown}
 o - a scroll of blinking {unknown}
 q - a scroll of fog {unknown}
 r - a scroll of poison {unknown}
 s - a scroll of teleportation {unknown}
 t - a scroll of enchant armour {unknown}
 B - a scroll of enchant weapon {unknown}
 D - a scroll of identify
Potions
 d - 3 potions of might
 l - a potion of haste
 n - a potion of attraction
 p - a potion of invisibility {unknown}
 x - a potion of lignification {unknown}
 z - 4 potions of curing
 A - 2 potions of degeneration {unknown}


   Skills:
 + Level 5.6 Fighting
 + Level 6.2 Short Blades
 + Level 5.2 Armour
 - Level 4.0 Shields


You had 7 spell levels left.
You didn't know any spells.
Your spell library contained the following spells:

 Spells                   Type           Power      Damage    Failure   Level
 Apportation              Tloc           0%         N/A       99%         1
 Blink                    Tloc           0%         N/A       100%        2
 Alistair's Intoxication  Tmut/Pois      0%         N/A       100%        5
 Manifold Assault         Tloc           0%         N/A       100%        5
 Storm Form               Tmut/Air       0%         N/A       100%        7


Dungeon Overview and Level Annotations

Branches:
Dungeon (6/15)
 Temple: D:4-7

Altars:
Fedhas
Qazlal
Trog

Annotations:
D:4 Blork the orc


Innate Abilities, Weirdness & Mutations

Your natural rate of healing is accelerated.
You have razor-sharp teeth.
You have supernaturally acute eyesight. (SInv)
You are afflicted with vampirism and can become a bat while bloodless.


Message History

The ogre closely misses you.
You hit the ogre but do no damage.
The ogre is heavily wounded.
The ogre completely misses you.
You closely miss the ogre. You bite the ogre.
The ogre is severely wounded.
You hit the ogre. You burn the ogre.
The ogre is almost dead.
The ogre hits you with a +0 giant club!
You hit the ogre. You burn the ogre.
You kill the ogre!
No target in view!
A steam dragon comes into view.
The steam dragon hisses angrily.
The steam dragon breathes steam at you. The ball of steam hits you!
You hear an angry hiss.
You hear a bark!
The steam dragon breathes steam at you. The ball of steam hits you!!
* * * LOW HITPOINT WARNING * * *
You are too injured to fight recklessly!
An adder comes into view.
You are engulfed in a cloud of scalding steam.
* * * LOW HITPOINT WARNING * * *
The steam dragon barely misses you.
The steam dragon claws you but does no damage.
A hound comes into view.
You hit the steam dragon but do no damage.
The steam dragon breathes steam at you. The ball of steam hits you!
* * * LOW HITPOINT WARNING * * *
Unknown command.
Found a stone staircase leading down.
The steam dragon bites you but does no damage.
The steam dragon claws you but does no damage.
An iguana comes into view.
You hit the steam dragon. You burn the steam dragon.
The steam dragon is moderately wounded.
The adder bites you.
You die...

#..##.#.#.# #.# ...
#.........###.## ....
#.###.#.........
#..#####.............##
.#...#.#.§....#.........
.......#..##.....####)##
..........§§§.........##
.......D§.§§.........###
.......@.§§.............
.......§S........#######
..........##..##.# #
.......h...#.....# #
...........#..##.# #
............... .
................
.........>..l.


You could see a steam dragon (catching breath), an iguana, a hound and an adder.

Vanquished Creatures
  2 ice beasts
  2 ogres
  A centaur (D:5)
  A phantom (D:4)
  A necrophage (D:5)
  3 scorpions (D:5)
  A jelly (D:5)
  5 hounds
  An orc priest (D:4)
  An iguana (D:5)
  Natasha (thrice) (D:2)
  Terence (D:3)
  Robin (D:2)
  3 gnolls (D:4)
  3 adders
  A shadow imp (D:5)
  2 worms (D:2)
  3 dart slugs
  5 orcs
  4 ball pythons
  5 bats
  7 endoplasms
  2 giant cockroaches
  17 goblins
  9 hobgoblins
  6 jackals
  4 quokkas
  2 frilled lizards
  12 kobolds
  4 rats (D:1)
112 creatures vanquished.

Vanquished Creatures (others)
  A wizard (D:3)
  3 fungi (D:5)
  2 plants (D:5)
6 creatures vanquished.

Grand Total: 118 creatures vanquished

Notes
Turn   | Place    | Note
-------+----------+-------------------------------------------
     0 | D:1      | siradein the Vampire Fighter began the quest for the Orb.
     0 | D:1      | Reached XP level 1. HP: 17/17 MP: 1/1
   119 | D:1      | Reached XP level 2. HP: 15/23 MP: 2/2
   177 | D:1      | Found a faded altar of an unknown god.
   723 | D:1      | Gained mutation: You are afflicted with vampirism and can
                  | become a bat while bloodless. [Vampire growth]
   723 | D:1      | Reached XP level 3. HP: 29/29 MP: 3/3
   857 | D:2      | Noticed Robin
   934 | D:2      | Killed Robin
  1072 | D:2      | Reached skill level 3 in Short Blades
  1072 | D:2      | Reached XP level 4. HP: 35/35 MP: 4/4
  1089 | D:2      | Noticed Natasha
  1109 | D:2      | Killed Natasha
  1393 | D:2      | Noticed Natasha
  1403 | D:2      | Killed Natasha
  1434 | D:2      | Noticed Natasha
  1444 | D:2      | Killed Natasha
  1445 | D:2      | Reached XP level 5. HP: 39/41 MP: 5/5
  1601 | D:3      | Noticed Terence
  1611 | D:3      | Killed Terence
  1818 | D:3      | Found a bloodstained altar of Trog.
  1819 | D:3      | Noticed a wizard
  1825 | D:3      | Killed a wizard
  2044 | D:4      | Noticed an ice beast
  2057 | D:4      | Killed an ice beast
  2058 | D:4      | Reached XP level 6. HP: 21/48 MP: 6/6
  2413 | D:3      | Reached skill level 4 in Short Blades
  2902 | D:4      | Noticed Blork the orc
  2942 | D:5      | Entered Level 5 of the Dungeon
  2955 | D:5      | Noticed an ice beast
  2971 | D:5      | Reached XP level 7. HP: 53/55 MP: 7/7
  3126 | D:5      | Reached skill level 5 in Short Blades
  3433 | D:5      | Reached skill level 5 in Fighting
  4223 | D:5      | Reached XP level 8. HP: 59/62 MP: 8/8
  4568 | D:5      | Found a blossoming altar of Fedhas.
  4571 | D:5      | Found a stormy altar of Qazlal.
  4611 | D:5      | Reached skill level 5 in Armour
  4638 | D:5      | Reached skill level 6 in Short Blades
  5005 | D:6      | HP: 3/63 [steam dragon/ball of steam (13)]
  5007 | D:6      | Slain by an adder

Illustrated notes

Levels and vault maps discovered:
D:1:      heliophobic_arrival_ceremonial_halls, layout_basic,
          ebering_ecumenical_altar_sacrificial, kennysheep_crisscross
D:2:      layout_rooms, chequers_serial_rivers_micro_b, uniq_natasha, uniq_robin
D:3:      layout_rooms, trog_wizard, minmay_misc_feat_four_crosses,
          hangedman_abyss_or_decor_lesser_grid, minmay_misc_feat_columns,
          uniq_terence
D:4:      layout_cave_pools, tgw_sif, minmay_misc_feat_ornament,
          minmay_fractal_squares_diagonal_5
D:5:      layout_loops_corners, grunt_temple_overflow_forces_of_nature,
          chequers_serial_rivers_room_a, minivault_25, nicolae_zen_rock_garden,
          kennysheep_diamond, minivault_5, uniq_blork_the_orc
D:6:      layout_basic, mainiacjoe_overflow_alcove_2,
          nicolae_ossuary_entry_false_entrances, ebering_ghost_sewer_f,
          st_stairs_9

Skill      XL: |  1  2  3  4  5  6  7  8 |
---------------+-------------------------+-----
Shields        | 3 4 |  4.0
Fighting       | 3 4 5 |  5.6
Short Blades   | 3 4 5 6 |  6.2
Armour         | 3 4 5 |  5.2

Action                   |  1- 3 |  4- 6 |  7- 9 || total
-------------------------+-------+-------+-------++-------
Melee: Rapier            |    75 |       |       ||    75
       Bite              |    11 |    16 |    28 ||    55
       Short sword       |    55 |   171 |   141 ||   367
  Use: Scroll            |       |     4 |       ||     4
       Potion            |       |     2 |       ||     2
Armor: Scale mail        |    68 |    53 |       ||   121
       Chain mail        |       |    51 |    64 ||   115
Dodge: Dodged            |    42 |    57 |    32 ||   131
Block: Buckler           |    35 |    25 |    24 ||    84

Table legend: (Time is in decaauts)
 A = Elapsed time spent in this place.
 B = Non-inter-level travel time spent in this place.
 C = Inter-level travel time spent in this place.
 D = Time resting spent in this place.
 E = Time spent auto-exploring this place.
 F = Levels seen in this place.
 G = Mean time per level.
                   A        B        C        D        E       F      G
               +--------+--------+--------+--------+--------+-----+--------+
         Total |   4996 |   4757 |    239 |     71 |   3771 |   6 |  832.7 |
       Dungeon |   4996 |   4757 |    239 |     71 |   3771 |   6 |  832.7 |
               +--------+--------+--------+--------+--------+-----+--------+

Top non-repeatable levels by time:
     D:5: 1520 daAuts
     D:4: 1099 daAuts
     D:1: 896 daAuts
     D:3: 729 daAuts
     D:2: 712 daAuts
     D:6: 37 daAuts
